SL
PANAMA CITY PIRANHAS @ OAKLAND OAKS
10/06/2023
 
TOP OF THE 1ST
Panama City Piranhas batting - Pitching for Oakland Oaks : RHP José García
Pitching: RHP José García
Batting: LHB Ye Der 0-0: Ball
1-0: Called Strike
1-1: Foul Ball, location: 2F
1-2: Ball
2-2: Ball
3-2: Foul Ball, location: 2F
3-2: Base on Balls
Batting: LHB Herman Hayes 0-0: Ball
1-0: Foul Ball, location: 2F
1-1: Foul Ball, location: 2F
1-2: Ball
2-2: Fielders Choice at 2nd, 1-4 (Groundball, 23)
Batting: LHB Steve Cunningham 0-0: Ball
1-0: Called Strike
1-1: Called Strike
1-2: Ball
2-2: Foul Ball, location: 2F
2-2: Strikes out swinging
Batting: SHB Marc Talamante 0-0: Called Strike
0-1: Ball
1-1: Foul Ball, location: 2F
1-2: Foul Ball, location: 2F
1-2: Ball
2-2: Fly out, F4 (Popup, 4D)
Top of the 1st over - 0 run(s), 0 hit(s), 0 error(s), 1 left on base; Panama City 0 - Oakland 0
BOTTOM OF THE 1ST
Oakland Oaks batting - Pitching for Panama City Piranhas : RHP John Dempsey
Pitching: RHP John Dempsey
Batting: LHB Todd Williams 0-0: Ball
1-0: Called Strike
1-1: Bunted foul
1-2: Ball
2-2: Foul Ball, location: 2F
2-2: Ball
3-2: Foul Ball, location: 2F
3-2: Foul Ball, location: 2F
3-2: Base on Balls
Batting: LHB Edwin Church 0-0: Swinging Strike
0-1: Ball
1-1: Ball
2-1: DOUBLE (Groundball, 3L)
Todd Williams to third
Batting: LHB Todd Henry 0-0: Ball
1-0: Fly out, F9 (Flyball, 89D)
Runner from 3rd tags up, SCORES, no throw
Batting: LHB Mal Wadley 0-0: SINGLE (Line Drive, 9LS)
Edwin Church to third
Batting: SHB John Allen 0-0: Grounds into double play, 4-6-3 (Groundball, 34)
Bottom of the 1st over - 1 run(s), 2 hit(s), 0 error(s), 1 left on base; Panama City 0 - Oakland 1
TOP OF THE 2ND
Panama City Piranhas batting - Pitching for Oakland Oaks : RHP José García
Batting: RHB Tim Barnes 0-0: Foul Ball, location: 2F
0-1: Swinging Strike
0-2: Ball
1-2: Ground out 6-3 (Groundball, 6D)
Batting: RHB William Hull 0-0: Ball
1-0: Called Strike
1-1: Ball
2-1: Ground out 4-3 (Groundball, 4M)
Batting: RHB Brad Perry 0-0: Called Strike
0-1: Swinging Strike
0-2: Foul Ball, location: 2F
0-2: Ball
1-2: Ball
2-2: Reached on error, E6 (Groundball, 6)
Batting: LHB Francisco Sánchez 0-0: Fly out, F7 (Flyball, 78XD)
Top of the 2nd over - 0 run(s), 0 hit(s), 1 error(s), 1 left on base; Panama City 0 - Oakland 1
BOTTOM OF THE 2ND
Oakland Oaks batting - Pitching for Panama City Piranhas : RHP John Dempsey
Batting: LHB Jesús Quintanilla 0-0: Ball
1-0: Foul Ball, location: 2F
1-1: Foul Ball, location: 2F
1-2: Foul Ball, location: 2F
1-2: Ball
2-2: Ground out 1-3 (Groundball, 13)
Batting: RHB Rafael Durango 0-0: Ball
1-0: Fly out, F7 (Flyball, 7D)
Batting: LHB Ron Frazier 0-0: Ball
1-0: Swinging Strike
1-1: Called Strike
1-2: Strikes out swinging
Bottom of the 2nd over - 0 run(s), 0 hit(s), 0 error(s), 0 left on base; Panama City 0 - Oakland 1
TOP OF THE 3RD
Panama City Piranhas batting - Pitching for Oakland Oaks : RHP José García
Batting: RHB Armando Alvarado 0-0: Ball
1-0: Foul Ball, location: 2F
1-1: Ball
2-1: Ball
3-1: SINGLE (Line Drive, 8RS)
Batting: LHB Ye Der 0-0: Ball
1-0: Grounds into double play, 5-4-3 (Groundball, 56)
Batting: LHB Herman Hayes 0-0: Ball
1-0: Foul Ball, location: 2F
1-1: Called Strike
1-2: Strikes out swinging
Top of the 3rd over - 0 run(s), 1 hit(s), 0 error(s), 0 left on base; Panama City 0 - Oakland 1
BOTTOM OF THE 3RD
Oakland Oaks batting - Pitching for Panama City Piranhas : RHP John Dempsey
Batting: RHB Miguel Fernández 0-0: Fly out, F3 (Popup, 3F)
Batting: LHB Todd Williams 0-0: Ball
1-0: Called Strike
1-1: Ball
2-1: Ball
3-1: Foul Ball, location: 2F
3-2: Foul Ball, location: 2F
3-2: Base on Balls
Batting: LHB Edwin Church 0-0: Ball
1-0: Ball
2-0: Grounds out, U3 (Groundball, 3L)
Batting: LHB Todd Henry 0-0: Ball
1-0: Called Strike
1-1: Ball
2-1: Ball
3-1: Called Strike
3-2: Fly out, F8 (Flyball, 8RS)
Bottom of the 3rd over - 0 run(s), 0 hit(s), 0 error(s), 1 left on base; Panama City 0 - Oakland 1
TOP OF THE 4TH
Panama City Piranhas batting - Pitching for Oakland Oaks : RHP José García
Batting: LHB Steve Cunningham 0-0: Ball
1-0: DOUBLE (Flyball, 9D)
Batting: SHB Marc Talamante 0-0: Ball
1-0: Called Strike
1-1: Ball
2-1: SINGLE (Groundball, 34D) (infield hit)
Steve Cunningham to third
Batting: RHB Tim Barnes 0-0: Ball
1-0: Called Strike
1-1: Called Strike
1-2: Ball
2-2: SINGLE (Groundball, 6M)
Steve Cunningham scores
Marc Talamante to second
Batting: RHB William Hull 0-0: Ball
1-0: Called Strike
1-1: Fly out, F9 (Flyball, 9LM)
Batting: RHB Brad Perry 0-0: DOUBLE (Line Drive, 3D)
Marc Talamante scores
Tim Barnes to third
Runner from 3rd tries for Home, SAFE, no throw or cutoff
Batting: LHB Francisco Sánchez 0-0: Ball
1-0: Ball
2-0: Swinging Strike
2-1: Ball
3-1: Ground out 1-3 (Groundball, 13)
Brad Perry to third
Batting: RHB Armando Alvarado 0-0: Swinging Strike
0-1: Ball
1-1: Called Strike
1-2: Strikes out swinging
Top of the 4th over - 3 run(s), 4 hit(s), 0 error(s), 1 left on base; Panama City 3 - Oakland 1
BOTTOM OF THE 4TH
Oakland Oaks batting - Pitching for Panama City Piranhas : RHP John Dempsey
Batting: LHB Mal Wadley 0-0: SOLO HOME RUN (Flyball, 89XD), Distance : 420 ft
Batting: SHB John Allen 0-0: Called Strike
0-1: Called Strike
0-2: Ground out 3-1 (Groundball, 3)
Batting: LHB Jesús Quintanilla 0-0: Foul Ball, location: 2F
0-1: Ball
1-1: SINGLE (Flyball, 78S)
Batting: RHB Rafael Durango 0-0: Ball
1-0: Called Strike
1-1: Ball
2-1: Fly out, F4 (Popup, 34)
Batting: LHB Ron Frazier 0-0: Called Strike
Jesús Quintanilla steals 2nd base
0-1: Called Strike
0-2: Foul Ball, location: 2F
0-2: Ball
1-2: Ball
2-2: Foul Ball, location: 2F
2-2: Ball
3-2: Foul Ball, location: 2F
3-2: Strikes out swinging
Bottom of the 4th over - 1 run(s), 2 hit(s), 0 error(s), 1 left on base; Panama City 3 - Oakland 2
TOP OF THE 5TH
Panama City Piranhas batting - Pitching for Oakland Oaks : RHP José García
Batting: LHB Ye Der 0-0: Hit by Pitch
Batting: LHB Herman Hayes 0-0: Ball
1-0: Swinging Strike
1-1: Ball
2-1: Ball
3-1: Fly out, F8 (Flyball, 78D)
Batting: LHB Steve Cunningham 0-0: Called Strike
0-1: DOUBLE (Flyball, 7D)
Ye Der to third
Batting: SHB Marc Talamante 0-0: Ball
1-0: Ball
2-0: Ball
3-0: Base on Balls
Batting: RHB Tim Barnes 0-0: Ball
1-0: Ball
2-0: Foul Ball, location: 2F
2-1: Ball
3-1: DOUBLE (Line Drive, 78M)
Ye Der scores
Steve Cunningham scores
Marc Talamante to third
Runner from 3rd tries for Home, SAFE, throw made at trailing runner, SAFE at third!
Pitching: LHP John Keller
Batting: RHB William Hull 0-0: Ball
1-0: Ground out 4-3 (Groundball, 4)
Tim Barnes scores
Batting: RHB Brad Perry 0-0: Ball
1-0: Called Strike
1-1: Called Strike
1-2: Ball
2-2: Strikes out swinging
Top of the 5th over - 4 run(s), 2 hit(s), 0 error(s), 0 left on base; Panama City 7 - Oakland 2
BOTTOM OF THE 5TH
Oakland Oaks batting - Pitching for Panama City Piranhas : RHP John Dempsey
Batting: RHB Miguel Fernández 0-0: Called Strike
0-1: Fly out, F3 (Popup, 3DF)
Batting: LHB Todd Williams 0-0: Ball
1-0: Ball
2-0: SINGLE (Groundball, 34D)
Batting: LHB Edwin Church 0-0: Ball
1-0: Foul Ball, location: 2F
1-1: Ball
2-1: Fly out, F6 (Line Drive, 6M)
Batting: LHB Todd Henry 0-0: Ball
1-0: Ball
2-0: Ball
3-0: Called Strike
3-1: Swinging Strike
3-2: Base on Balls
Todd Williams to second
Batting: LHB Mal Wadley 0-0: Ball
1-0: SINGLE (Line Drive, 89M)
Todd Williams to third
Todd Henry to second
Runner from 3rd tries for Home, SAFE, no throw or cutoff
Batting: SHB John Allen 0-0: Ball
1-0: SINGLE (Line Drive, 78S)
Todd Henry to third
Mal Wadley to second
Runner from 3rd tries for Home, SAFE, no throw or cutoff
Batting: LHB Jesús Quintanilla 0-0: Ground out 3-1 (Groundball, 34S)
Bottom of the 5th over - 2 run(s), 3 hit(s), 0 error(s), 2 left on base; Panama City 7 - Oakland 4
TOP OF THE 6TH
Panama City Piranhas batting - Pitching for Oakland Oaks : LHP John Keller
Batting: LHB Francisco Sánchez 0-0: Ball
1-0: Ball
2-0: Ball
3-0: Called Strike
3-1: Base on Balls
Batting: RHB Armando Alvarado 0-0: Foul Ball, location: 2F
0-1: Swinging Strike
0-2: Ball
1-2: Strikes out swinging
Batting: LHB Ye Der 0-0: Called Strike
0-1: Called Strike
0-2: Ball
1-2: Fly out, F9 (Flyball, 9M)
Batting: LHB Herman Hayes 0-0: Ball
1-0: Fielders Choice at 2nd, 6-4 (Groundball, 6)
Top of the 6th over - 0 run(s), 0 hit(s), 0 error(s), 0 left on base; Panama City 7 - Oakland 4
BOTTOM OF THE 6TH
Oakland Oaks batting - Pitching for Panama City Piranhas : RHP John Dempsey
Batting: RHB Rafael Durango 0-0: Called Strike
0-1: Foul Ball, location: 2F
0-2: Strikes out swinging
Batting: LHB Ron Frazier 0-0: Ball
1-0: Fly out, F8 (Flyball, 8LS)
Batting: RHB Miguel Fernández 0-0: Ground out 6-3 (Groundball, 6M)
Bottom of the 6th over - 0 run(s), 0 hit(s), 0 error(s), 0 left on base; Panama City 7 - Oakland 4
TOP OF THE 7TH
Panama City Piranhas batting - Pitching for Oakland Oaks : LHP John Keller
Batting: LHB Steve Cunningham 0-0: Ball
1-0: Called Strike
1-1: Ball
2-1: Ball
3-1: Base on Balls
Batting: SHB Marc Talamante 0-0: Ball
1-0: Ball
2-0: SINGLE (Line Drive, 78M)
Steve Cunningham to second
Batting: RHB Tim Barnes 0-0: Ball
1-0: Ball
2-0: Called Strike
2-1: Swinging Strike
2-2: Ball
3-2: Foul Ball, location: 2F
3-2: Fly out, F6 (Popup, 6D)
Batting: RHB William Hull 0-0: SINGLE (Flyball, 78S)
Steve Cunningham to third
Marc Talamante to second
Runner from 3rd tries for Home, SAFE, throw made home
Marc Talamante to third
William Hull to second
Batting: RHB Brad Perry 0-0: Called Strike
0-1: Ball
1-1: Ball
2-1: Fly out, F7 (Flyball, 8LD)
Runner from 3rd tags up, SCORES, no throw
William Hull to third
Pitching: RHP Mark Simmons
Batting: LHB Francisco Sánchez 0-0: Ball
1-0: Ball
2-0: Ball
3-0: Base on Balls
Batting: RHB Armando Alvarado 0-0: Ground out 5-3 (Groundball, 5S)
Top of the 7th over - 2 run(s), 2 hit(s), 0 error(s), 2 left on base; Panama City 9 - Oakland 4
BOTTOM OF THE 7TH
Oakland Oaks batting - Pitching for Panama City Piranhas : RHP John Dempsey
Batting: LHB Todd Williams 0-0: Foul Ball, location: 2F
0-1: Called Strike
0-2: Strikes out swinging
Batting: LHB Edwin Church 0-0: Foul Ball, location: 2F
0-1: Called Strike
0-2: Foul Ball, location: 2F
0-2: Ball
1-2: Fly out, F5 (Popup, 5F)
Batting: LHB Todd Henry 0-0: DOUBLE (Flyball, 8RXD)
Batting: LHB Mal Wadley 0-0: Ball
1-0: Fly out, F8 (Flyball, 8LD)
Bottom of the 7th over - 0 run(s), 1 hit(s), 0 error(s), 1 left on base; Panama City 9 - Oakland 4
TOP OF THE 8TH
Panama City Piranhas batting - Pitching for Oakland Oaks : RHP Mark Simmons
Batting: LHB Ye Der 0-0: Ball
1-0: Called Strike
1-1: Fly out, F9 (Line Drive, 9M)
Batting: LHB Herman Hayes 0-0: Ball
1-0: Ball
2-0: Ball
3-0: Called Strike
3-1: Called Strike
3-2: Base on Balls
Batting: LHB Steve Cunningham 0-0: Ball
1-0: Ball
2-0: Called Strike
2-1: Called Strike
2-2: Ball
3-2: Base on Balls
Herman Hayes to second
Batting: SHB Marc Talamante 0-0: SINGLE (Groundball, 56D)
Herman Hayes to third
Steve Cunningham to second
Runner from 3rd tries for Home, SAFE, no throw or cutoff
Batting: RHB Tim Barnes 0-0: Swinging Strike
0-1: Ball
1-1: Ball
2-1: Ball
3-1: Called Strike
3-2: Base on Balls
Steve Cunningham to third
Marc Talamante to second
Batting: RHB William Hull 0-0: Ball
1-0: Called Strike
1-1: Swinging Strike
1-2: Strikes out swinging
Batting: RHB Brad Perry 0-0: Fielders Choice at 2nd, U6 (Groundball, 6M)
Top of the 8th over - 1 run(s), 1 hit(s), 0 error(s), 3 left on base; Panama City 10 - Oakland 4
BOTTOM OF THE 8TH
Oakland Oaks batting - Pitching for Panama City Piranhas : RHP John Dempsey
Batting: SHB John Allen 0-0: Ball
1-0: Fly out, F8 (Flyball, 8RD)
Batting: LHB Jesús Quintanilla 0-0: Called Strike
0-1: DOUBLE (Flyball, 89D)
Pitching: RHP John Alvarado
Batting: RHB Rafael Durango 0-0: Fly out, F7 (Flyball, 7LM)
Batting: LHB Ron Frazier 0-0: Ball
1-0: Called Strike
1-1: Ball
2-1: Ball
3-1: Base on Balls
Batting: RHB Miguel Fernández 0-0: Fielders Choice at 2nd, 5-4 (Groundball, 56)
Bottom of the 8th over - 0 run(s), 1 hit(s), 0 error(s), 1 left on base; Panama City 10 - Oakland 4
TOP OF THE 9TH
Panama City Piranhas batting - Pitching for Oakland Oaks : RHP Mark Simmons
Batting: LHB Francisco Sánchez 0-0: Ball
1-0: Foul Ball, location: 2F
1-1: Swinging Strike
1-2: Strikes out swinging
Batting: RHB Armando Alvarado 0-0: Ball
1-0: Foul Ball, location: 2F
1-1: Ground out 4-3 (Groundball, 4)
Batting: LHB Ye Der 0-0: Called Strike
0-1: Ground out 4-3 (Groundball, 4)
Top of the 9th over - 0 run(s), 0 hit(s), 0 error(s), 0 left on base; Panama City 10 - Oakland 4
BOTTOM OF THE 9TH
Oakland Oaks batting - Pitching for Panama City Piranhas : RHP John Alvarado
Batting: LHB Todd Williams 0-0: Ball
1-0: SOLO HOME RUN (Flyball, 9D), Distance : 367 ft
Batting: LHB Edwin Church 0-0: Called Strike
0-1: Ball
1-1: Fly out, F9 (Flyball, 8RM)
Now in RF: Robert Adams
Batting: LHB Todd Henry 0-0: Ball
1-0: Ball
2-0: Called Strike
2-1: Ball
3-1: Fly out, F3 (Line Drive, 34)
Batting: LHB Mal Wadley 0-0: Ball
1-0: Ball
2-0: Called Strike
2-1: SOLO HOME RUN (Line Drive, 89XD), Distance : 416 ft
Pitching: RHP Richard Sykes
Batting: SHB John Allen 0-0: Ground out 6-3 (Groundball, 6M)
Bottom of the 9th over - 2 run(s), 2 hit(s), 0 error(s), 0 left on base; Panama City 10 - Oakland 6
This league is powered by Out of the Park Baseball, the baseball management simulation game for PC, Mac and Linux
Friday, July 8th, 2016 - OOTP Baseball 16.9 Build 39